 Dungeon Crawl Stone Soup version 0.17-a0-1838-g891d947 (webtiles) character file.

30 enrike the Charmwright (level 3, -3/24 HPs)
             Began as a High Elf Skald on Sept 15, 2015.
             Killed from afar by a giant gecko (9 damage)
             ... with an exploding inner flame
             ... hexed by the player character
             ... on level 2 of the Dungeon.
             The game lasted 00:05:07 (1177 turns).

enrike the Charmwright (High Elf Skald)             Turns: 1177, Time: 00:05:07

Health: -3/24      AC:  3    Str: 12      XL:     3   Next: 3%
Magic:  7/7        EV: 11    Int: 16      God:
Gold:   55         SH:  0    Dex: 12 (14) Spells: 1 memorised, 6 levels left

rFire  + . .     SeeInvis .     a - +0 falchion
rCold  + . .     Clarity  .     b - +0 leather armour
rNeg   . . .     SustAt   .     (no shield)
rPois  +         Gourm    .     (no helmet)
rElec  +         Spirit   .     (no cloak)
rCorr  +         Warding  .     (no gloves)
rMut   .         Stasis   .     (no boots)
MR     .....                    (no amulet)
Stlth  +.........               (no ring)
                                (no ring)

@: about to teleport, resistant, not resistant to hostile enchantments, very
unstealthy
A: no striking features
a: no special abilities


You were on level 2 of the Dungeon.
You were not hungry.

You visited 1 branch of the dungeon, and saw 2 of its levels.

You collected 55 gold pieces.

Inventory:

Hand weapons
 a - a +0 falchion (weapon)
Armour
 b - a +0 leather armour (worn)
 j - a +0 robe
Scrolls
 h - a scroll of immolation
 k - a scroll of recharging {unknown}
Books
 c - a book of Battle

   Spells                             Type                      Level
   a - Infusion                       Charms                       1
   b - Shroud of Golubria             Charms/Translocation         2
   c - Song of Slaying                Charms                       2
   d - Spectral Weapon                Hexes/Charms                 3
   e - Regeneration                   Charms/Necromancy            3
 l - a book of Beasts

   Spells                             Type                      Level
   a - Summon Butterflies             Summoning                    1
   b - Call Canine Familiar           Summoning                    3
   c - Summon Ice Beast               Ice/Summoning                4
   d - Summon Mana Viper              Hexes/Summoning              5
   e - Summon Hydra                   Summoning                    7
Comestibles
 d - a bread ration
 f - 2 meat rations


   Skills:
 + Level 2.0 Fighting
 + Level 3.0 Long Blades
 + Level 1.4 Armour
 + Level 1.4 Dodging
 + Level 2.5 Spellcasting
 + Level 4.1 Charms


You had 6 spell levels left.
You knew the following spells:

 Your Spells              Type           Power        Failure   Level  Hunger
a - Infusion              Chrm           ###...       6%          1    #......


Dungeon Overview and Level Annotations

Branches:
Dungeon (2/15)

Altars:


Message History

You feel clumsy.
The giant gecko bites you but does no damage.
As you read the scroll labeled CEFATI MIQOSUSIUD, it crumbles to dust.
You feel strangely unstable.
It was a scroll of teleportation.
The giant gecko bites you.
* * * LOW HITPOINT WARNING * * *
The giant gecko barely misses you.
You are too injured to fight recklessly!
You are too injured to fight recklessly!
You are too injured to fight recklessly!
You are too injured to fight recklessly!
As you read the scroll labeled YSHENGEGOWI, it crumbles to dust.
The creatures around you are filled with an inner flame!
It was a scroll of immolation.
The giant gecko barely misses you.
You are too injured to fight recklessly!
You are too injured to fight recklessly!
You hit the giant gecko.
The giant gecko explodes!
The fiery explosion engulfs you! You resist.
You die...

#....##.#....######
#.#.....#.#.##########.#
#.#######.#.............
#.# #.#............# #.#
#.##.########### #.
#.##.# #. ####.##.#
.....##.######...
....<..ยง.@[....#
################


There were no monsters in sight!

Vanquished Creatures
  A giant gecko (D:1)
  A ball python (D:1)
  A giant cockroach (D:1)
  2 goblins (D:1)
  4 hobgoblins (D:1)
  6 jackals
  5 bats (D:1)
  2 giant newts (D:1)
  A kobold (D:2)
  2 rats (D:1)
25 creatures vanquished.

Notes
Turn   | Place    | Note
--------------------------------------------------------------
     0 | D:1      | enrike the High Elf Skald began the quest for the Orb.
     0 | D:1      | Reached XP level 1. HP: 14/14 MP: 4/4
   170 | D:1      | Reached skill level 1 in Armour
   170 | D:1      | Reached skill level 4 in Charms
   171 | D:1      | Reached XP level 2. HP: 10/19 MP: 0/6
  1124 | D:2      | Reached XP level 3. HP: 16/24 MP: 7/7
  1177 | D:2      | Killed from afar by a giant gecko

Vault maps used:
D:1:      grunt_arrival_crossed_arrows
D:2:      grunt_gozag_breadcrumbs

Action                   || total
-------------------------++-------
Melee: Falchion          ||    89
 Cast: Infusion          ||     1
  Use: Scroll            ||     2
       Potion            ||     2
 Stab: Sleeping          ||     1
  Eat: Bread ration      ||     1
